 Dungeon Crawl Stone Soup version 0.22-a0-512-g0943f25 (webtiles) character file.

539 inc the Chopper (level 7, -1/52 HPs)
             Began as a Demonspawn Monk on June 18, 2018.
             Was a Believer of Qazlal.
             Killed from afar by an orc wizard (9 damage)
             ... with a magic dart
             ... on level 5 of the Dungeon.
             The game lasted 00:04:16 (3598 turns).

inc the Chopper (Demonspawn Monk)                   Turns: 3598, Time: 00:04:17

Health: -1/52      AC: 11    Str: 11    XL:     7   Next: 5%
Magic:  7/7        EV:  5    Int: 13    God:    Qazlal [**....]
Gold:   395        SH:  7    Dex: 16    Spells: 6/6 levels left

rFire    . . .     SeeInvis .   a - +0 hand axe
rCold    + . .     Gourm    .   u - +0 buckler
rNeg     + . .     Faith    .   l - +0 chain mail {rC+}
rPois    .         Spirit   .   d - +0 helmet
rElec    .         Reflect  .   (no cloak)
rCorr    .         Harm     .   (no gloves)
MR       .....                  (no boots)
Stlth    ..........             t - amulet of regeneration
HPRegen  0.57/turn              h - ring of positive energy
MPRegen  0.10/turn              r - ring of stealth

@: slowed, very slow
A: talons 2, slimy green scales 1, spiny 1
a: Upheaval, Renounce Religion


You were on level 5 of the Dungeon.
You worshipped Qazlal.
Qazlal was pleased with you.
You were not hungry.

You visited 1 branch of the dungeon, and saw 5 of its levels.

You collected 395 gold pieces.

Inventory:

Hand Weapons
 a - a +0 hand axe (weapon)
Armour
 b - a +0 robe
 d - a +0 helmet (worn)
 e - a +0 ring mail
 l - a +0 chain mail of cold resistance (worn)
 u - a +0 buckler (worn)
Jewellery
 h - a ring of positive energy (left hand)
 r - a ring of stealth (right hand)
 t - an amulet of regeneration (around neck)
 v - an uncursed ring of wizardry
 x - an uncursed ring of magical power {unknown}
Wands
 n - a wand of clouds (6)
Scrolls
 f - 3 scrolls of remove curse {unknown}
 g - 3 scrolls of amnesia {unknown}
 k - a scroll of immolation {unknown}
 m - a scroll of enchant armour {unknown}
 o - 2 scrolls of identify {unknown}
 p - a scroll of magic mapping {unknown}
 q - a scroll of fear {unknown}
 w - a scroll of fog {unknown}
 y - a scroll of random uselessness {unknown}
Potions
 i - a potion of lignification {unknown}
 j - a potion of haste {unknown}
 s - a potion of flight {unknown}
 z - 2 potions of berserk rage {unknown}
 B - 2 potions of heal wounds {unknown}
Comestibles
 c - 14 rations


   Skills:
 - Level 3.5 Fighting
 + Level 6.2 Axes
 - Level 2.6 Dodging
 - Level 1.7 Stealth
 + Level 3.1 Shields


You had 6 spell levels left.
You didn't know any spells.
Your spell library was empty.

Dungeon Overview and Level Annotations

Branches:
Dungeon (5/15)             Temple (0/1) D:4

Altars:
Dithmenos
Qazlal
Uskayaw
Wu Jian
The Shining One

Annotations:
D:3 1 runed door, Paulus's ghost, amateur HuNe


Innate Abilities, Weirdness & Mutations

You have razor-sharp toenails.
You are partially covered in slimy green scales. (AC +2)
You are partially covered in sharp spines.


Message History

The orc priest mumbles some strange prayers to Beogh against you.
Beogh smites you!
The orc wizard points at you and mumbles some strange words.
You feel yourself slow down.
Your chain mail prevents you from hitting the orc priest.
You hit the orc wizard.
The orc priest hits you but does no damage.
The orc priest mumbles some strange prayers to Beogh against you.
Beogh smites you!
The orc wizard hits you but does no damage.
Unknown command.
You hit the orc priest. You claw the orc priest.
The orc priest is heavily wounded.
You hit the orc wizard but do no damage.
The orc priest mumbles some strange prayers to Beogh against you.
Beogh smites you!
* * * LOW HITPOINT WARNING * * *
The orc wizard points at you and mumbles some strange words.
The magic dart hits you!
You die...

##### ....## #######
##...######......
................#
.>............#.#
....#.#####.#.#.# .
......#####.#.#.####...P
................@ooo..P#
..(..######.#.###o##.P..
......# #.#.# .# .
.....<# #.#.# .# ......#
#.#.. .. ......# #....
.. ....>.# #.#.## ..#
......# #.#.# ..#
......# ###.#.


You could see 2 orc priests, an orc wizard and an orc.

Vanquished Creatures
  A sky beast (D:5)
  An ogre (D:4)
  2 bullfrog skeletons (D:4)
  3 hounds (D:5)
  An orc wizard (D:3)
  2 worker ants (D:4)
  A hound skeleton (D:4)
  5 adders
  2 worms
  3 dart slugs
  5 leopard geckos
  4 orcs (D:3)
  2 giant cockroaches
  8 hobgoblins
  3 jackals (D:4)
  2 quokkas
  5 bats
  5 frilled lizards
  5 goblins
  5 kobolds
  4 rats
69 creatures vanquished.

Notes
Turn   | Place    | Note
-------+----------+-------------------------------------------
     0 | D:1      | inc the Demonspawn Monk began the quest for the Orb.
     0 | D:1      | Reached XP level 1. HP: 18/18 MP: 1/1
   378 | D:1      | Gained mutation: You have sharp toenails. [demonic ancestry]
   378 | D:1      | Reached XP level 2. HP: 24/24 MP: 2/2
   735 | D:1      | Reached skill level 3 in Axes
  1186 | D:2      | Gained mutation: You have razor-sharp toenails. [demonic ancestry]
  1186 | D:2      | Reached XP level 3. HP: 23/29 MP: 3/3
  1244 | D:2      | Found a shadowy altar of Dithmenos.
  1936 | D:3      | Reached skill level 4 in Axes
  1950 | D:3      | Gained mutation: You are partially covered in slimy green scales. (AC +2) [demonic ancestry]
  1950 | D:3      | Reached XP level 4. HP: 6/35 MP: 4/4
  2283 | D:3      | Found a runed door.
  2283 | D:3      | Noticed Paulus's ghost (amateur HuNe)
  2429 | D:3      | Found a faded altar of an unknown god.
  2646 | D:4      | Reached skill level 5 in Axes
  2646 | D:4      | Gained mutation: You are partially covered in sharp spines. [demonic ancestry]
  2646 | D:4      | Reached XP level 5. HP: 37/41 MP: 5/5
  2746 | D:4      | Found a stormy altar of Qazlal.
  2746 | D:4      | Found an ornate altar of the Wu Jian Council.
  2750 | D:4      | Noticed an ogre
  2763 | D:4      | Killed an ogre
  2763 | D:4      | Reached skill level 1 in Shields
  2763 | D:4      | Reached XP level 6. HP: 21/47 MP: 6/6
  2915 | D:4      | Found a glowing golden altar of the Shining One.
  2915 | D:4      | Found a hide-covered altar of Uskayaw.
  2937 | D:4      | Became a worshipper of Qazlal Stormbringer
  2937 | D:4      | Reached * piety under Qazlal
  2937 | D:4      | Reached ** piety under Qazlal
  3187 | D:4      | Found a staircase to the Ecumenical Temple.
  3421 | D:5      | Entered Level 5 of the Dungeon
  3524 | D:5      | Reached skill level 6 in Axes
  3579 | D:5      | Noticed a sky beast
  3591 | D:5      | Killed a sky beast
  3591 | D:5      | Reached XP level 7. HP: 41/52 MP: 7/7
  3598 | D:5      | Killed from afar by an orc wizard

Vault maps used:
D:1:      eino_arrival_water_cross, serial_co_window_serial, co_window_corner_a,
          co_window_corner_a, co_window_corner_a, co_window_corner_a,
          co_window_of_opportunity_a, co_window_cross_3, co_window_corner_cb,
          co_window_2corner, co_window_cross_4, co_window_paths_e,
          glass_columns_a, glass_columns_c
D:2:      nicolae_dithmenos_through_a_glass_darkly
D:3:      gammafunk_ghost_grave, chequers_ecumenical_altar_simple_redux
D:4:      grunt_temple_overflow_open, temple_doors_e, first_ration
D:5:      old_standard_altar, kiku_gazebo_garden_becter, lemuel_doored_altar,
          gammafunk_ghost_grave

Skill      XL: |  1  2  3  4  5  6 |
---------------+-------------------+-----
Axes           | 3 4 5 6 |  6.2
Shields        | 1 3 |  3.1
Fighting       | |  3.5
Dodging        | |  2.6
Stealth        | |  1.7

Action                   |  1- 3 |  4- 6 |  7- 9 || total
-------------------------+-------+-------+-------++-------
Melee: Hand axe          |   118 |   108 |     3 ||   229
       Kick              |    19 |    38 |     2 ||    59
 Stab: Sleeping          |     1 |       |       ||     1
  Eat: Chunk             |     2 |     7 |       ||     9
Armor: Robe              |     6 |       |       ||     6
       Ring mail         |    28 |       |       ||    28
       Chain mail        |    24 |    60 |     2 ||    86
Dodge: Dodged            |    70 |    31 |       ||   101
Block: Buckler           |       |    17 |       ||    17

Table legend:
 A = Spawn XP
 B = Non-spawn XP
 C = Spawn XP percentage of total XP
 D = Spawn monster count
 E = Non-spawn monster count
 F = Spawn count percentage of total count
 G = Total turns spent on level
                    A         B        C        D         E        F      G
               +---------+---------+-------+---------+---------+-------+---------
         Total |       0 |     771 |   0.0 |       0 |      69 |   0.0 |  3598
               +---------+---------+-------+---------+---------+-------+---------
           D:1 |       0 |      34 |   0.0 |       0 |      19 |   0.0 |  1085
           D:2 |       0 |      49 |   0.0 |       0 |      12 |   0.0 |   770
           D:3 |       0 |      92 |   0.0 |       0 |      17 |   0.0 |   747
           D:4 |       0 |     317 |   0.0 |       0 |      15 |   0.0 |   819
           D:5 |       0 |     279 |   0.0 |       0 |       6 |   0.0 |   177
               +---------+---------+-------+---------+---------+-------+---------
